[Event "*** Titled Tuesday Blitz"]
[Site "Chess.com"]
[Date "2019.01.01"]
[Round "3"]
[White "gmjlh"]
[Black "ElenaPershina"]
[Result "1-0"]
[WhiteElo "2643"]
[BlackElo "1907"]
[TimeControl "180+2"]
[EndTime "13:36:46 PST"]
[Termination "gmjlh won by checkmate"]

1. g3 d5 2. Bg2 c6 3. c4 dxc4 4.
Na3 Nf6 5. Nxc4 Bf5 6. b3 e6 7. Bb2 Be7 8. Nf3 O-O 9. O-O Na6 10. d3 h6 11. a3 Rc8 12. b4 Nc7 13. Qb3 Nb5 14. Rac1 Bg4 15. e3 Nd5 16. Nfe5 Be2 17. Rfe1 Bh5 18. g4 Bg6 19. Rcd1 Bf6 20. d4 Bh7 21. f4 Nd6 22. Nxd6 Qxd6 23. Rf1 Bh4 24. e4 Nb6 25. Qh3 Bf6 26. Qg3 Bxe5 27. dxe5 Qe7 28. Bd4 Nd7 29. f5 exf5 30. exf5 c5 31.
bxc5 Nxc5 32. f6 Qe6 33. fxg7 Rfd8 34. Qe3 b6 35. h3 Kxg7 36. Rf6 Qb3 37. Qxh6+ Kh8 38.
Rdf1 Rxd4 39. Rxf7 Qc2 40. Qg7# 1-0

[Event "*** Titled Tuesday Blitz"]
[Site "Chess.com"]
[Date "2019.01.01"]
[Round "3"]
[White "rubhani"]
[Black "riconaipe"]
[Result "0-1"]
[WhiteElo "2563"]
[BlackElo "2429"]
[TimeControl "180+2"]
[EndTime "13:36:47 PST"]
[Termination "riconaipe won by resignation"]

1. d4 d5 2. c4 e6 3. Nf3 Bb4+ 4.
Bd2 Bxd2+ 5. Qxd2 Nf6 6. Nc3 O-O 7. e3 b6 8. Bd3 Bb7 9. O-O Nbd7 10. cxd5 Nxd5 11. Rac1 c5 12. Nxd5 Bxd5 13. e4 Bb7 14. Bb1 cxd4 15. Qxd4 Nc5 16. Qe3 Rc8 17. Nd4 Qh4 18.
f3 Rfd8 19. Rfd1 Qe7 20. b4 Nd7 21. a3 Ne5 22. Ba2 Rxc1 23. Rxc1 h6 24. h3 Qd6 25. Nb5 Qd2 26. Qxd2 Rxd2 27. Rc7 Ba6 28. Nc3 Rc2 29. f4 Nd3 30. f5 Nf4 31. fxe6 fxe6 32. Rxa7 Rxg2+ 33. Kh1 Bf1 34. Re7 Kf8 35. Rc7 Nxh3 36. Rc8+ Ke7 37. Rc7+ Kf6 38. e5+ Kxe5 0-1

[Event "*** Titled Tuesday Blitz"]
[Site "Chess.com"]
[Date "2019.01.01"]
[Round "3"]
[White "Kawhi_Leonard2"]
[Black "twitchTriniCupid"]
[Result "1-0"]
[WhiteElo "2264"]
[BlackElo "2256"]
[TimeControl "180+2"]
[EndTime "13:36:48 PST"]
[Termination "Kawhi_Leonard2 won by resignation"]

1. e4 c6 2. d4 d5 3. Nc3 dxe4 4. Nxe4 Bf5 5. Ng3 Bg6 6. h4 h6 7. Nf3 Nd7 8. h5 Bh7 9. Bd3 Bxd3 10. Qxd3 e6 11.
Bd2 Ngf6 12. O-O-O Qc7 13. Ne4 O-O-O 14. g3 Nxe4 15. Qxe4 Nf6 16. Qe2 c5 17. Bf4 Qa5 18. Kb1 cxd4 19. Ne5 Qb6 20. Qc4+ Bc5 21. Nxf7 Nd5 22.
Bd2 Kd7 23. Rhe1 Rc8 24. Nxh8 Rxh8 25. Qb3 Qc6 26. Re2 Rf8 27. Rde1 Rf6 28. a3 b6 29.
g4 a5 30. g5 Rf3 31. Rxe6 Rxb3 32. Rxc6 Rxb2+ 33. Kxb2 Kxc6 34. Re6+ Kb5 35. gxh6 gxh6 36. Rxh6 Ka4 37. Rg6 Bxa3+ 38. Kb1 Bb4 39. Bxb4 Kxb4 40. h6 a4 41. h7 Nc3+ 42. Ka1 b5 1-0

[Event "*** Titled Tuesday Blitz"]
[Site "Chess.com"]
[Date "2019.01.01"]
[Round "3"]
[White "Kazakov_Konstantin"]
[Black "StephenDedalus83"]
[Result "0-1"]
[WhiteElo "2559"]
[BlackElo "2727"]
[TimeControl "180+2"]
[EndTime "13:36:49 PST"]
[Termination "StephenDedalus83 won by resignation"]

1. e4 c5 2. Nf3 d6 3. d4 cxd4 4. Qxd4 Nf6 5. Bb5+ Bd7 6. Bxd7+ Qxd7 7. O-O Nc6 8. Qd3 g6 9. Nc3 Bg7 10. Bg5 O-O 11. Rfe1 Ng4 12. Rad1 Rac8 13. h3 Nge5 14. Nxe5 Nxe5 15. Qg3 h6 16. Bc1 Qc6 17. Nd5 Rfe8 18. c3 Nc4 19. Qh4 g5 20. Qh5 e6 21. Nb4 Qc5 22. Nd3 Qb6 23. h4 f6 24. hxg5 hxg5 25. b3 Na5 26. c4 Qc7 27. Re3 Qf7 28. Qe2 Nc6 29. Bb2 Rcd8 30. Re1 Bh6 31. Rh3 Qg6 32. Qg4 Kf7 33. Rf3 Bg7 34. b4 Rh8 35. b5 Rh4 36. Qxh4 gxh4 37. bxc6 bxc6 38. e5 f5 39. Bc3 d5 40. c5 Rb8 41. Bd4 Bh6 42.
Nf4 Qg4 43. Ne2 Rb4 44. Rd1 Qe4 45. Kf1 Rb1 0-1

[Event "*** Titled Tuesday Blitz"]
[Site "Chess.com"]
[Date "2019.01.01"]
[Round "3"]
[White "Bigfish1995"]
[Black "TST2014"]
[Result "1-0"]
[WhiteElo "2908"]
[BlackElo "2472"]
[TimeControl "180+2"]
[EndTime "13:36:52 PST"]
[Termination "Bigfish1995 won by resignation"]

1. d4 Nf6 2. Nf3 g6 3. Bg5 Bg7 4. Nbd2 d5 5. c3 O-O 6. e3 c5 7. Be2 Qb6 8. Qb3 Nc6 9. O-O c4 10. Qa3 Bf5 11. b3 cxb3 12. axb3 Rfe8 13. b4 a6 14. b5 Nb8 15. c4 dxc4 16. Nxc4 Qxb5 17. Bxf6 Bxf6 18. Nd6 Qd7 19. Nxe8 Qxe8 20. Qb4 Be4 21. Rfc1 Nc6 22. Qb6 Qd8 23. Qxd8+ Rxd8 24. Nd2 Bd5 25. Bf3 e5 26. Bxd5 Rxd5 27. Ne4 Bg7 28. Rc5 Rd8 29. d5 Nb4 30. Rd1 h6 31. Rc7 b5 32. d6 f5 33.
Nc5 e4 34. Rxg7+ Kxg7 35. Ne6+ Kf7 36. Nxd8+ Ke8 37. Nb7 Kd7 38. Nc5+ Kc6 39. d7 Kxc5 40. d8=Q Nd3 41. Qd4+ Kc6 42. f3 a5 43. fxe4 fxe4 44. Qxe4+ 1-0

[Event "*** Titled Tuesday Blitz"]
[Site "Chess.com"]
[Date "2019.01.01"]
[Round "3"]
[White "PlotnikovPavel"]
[Black "tomozupan"]
[Result "1-0"]
[WhiteElo "2383"]
[BlackElo "2201"]
[TimeControl "180+2"]
[EndTime "13:36:52 PST"]
[Termination "PlotnikovPavel won by resignation"]

1. d4 Nf6 2. Nf3 g6 3. c4 Bg7 4. Nc3 d5 5. e4 dxe4 6. Ng5 O-O 7. Be3 Ng4 8. Ngxe4 Nxe3 9. fxe3 e5 10. d5 c6 11. dxc6 Nxc6 12. Qxd8 Rxd8 13. Nd5 Be6 14. Nc7 Rac8 15. Nxe6 fxe6 16. Be2 Bh6 17. Bg4 Re8 18.
Nf6+ Kg7 19. Nxe8+ Rxe8 20. Ke2 e4 21. Bh3 Ne5 22.
Rhd1 Re7 23. Rd6 Nxc4 24. Rxe6 Rxe6 25. Bxe6 Nxe3 26. g3 Kf6 27. Bg8 Ng4 28. Rf1+ Kg7 29. Bb3 Ne5 30. Bd5 e3 31. Bxb7 Bg5 32. Bd5 h5 33. h4 Bh6 34. b4 g5 35. hxg5 Bxg5 36. b5 Kg6 37. a4 Ng4 38. a5 Nf6 39. Bc6 1-0

[Event "*** Titled Tuesday Blitz"]
[Site "Chess.com"]
[Date "2019.01.01"]
[Round "3"]
[White "DanielMieles1985"]
[Black "xpto15"]
[Result "0-1"]
[WhiteElo "2064"]
[BlackElo "2186"]
[TimeControl "180+2"]
[EndTime "13:36:53 PST"]
[Termination "xpto15 won by resignation"]

1. d4 Nf6 2. c4 g6 3. Nc3 d5 4. Nf3 Bg7 5. Qb3 dxc4 6. Qxc4 O-O 7. e4 a6 8. Be2 b5 9. Qb3 c5 10. dxc5 Be6 11. Qc2 Nbd7 12. Be3 Rc8 13. Rd1 Ng4 14. Bd4 Qa5 15. O-O Nxc5 16. Bxg7 Kxg7 17. Nd4 Ne5 18. f4 Nc6 19. Nxe6+ Nxe6 20. Bg4 f5 21. exf5 gxf5 22. Bf3 Nxf4 23. Bxc6 Rxc6 24. Rxf4 b4 25. Qe2 bxc3 26. Qxe7+ Rf7 27. Qg5+ Rg6 28. Qd8 c2 29. Qd4+ Kg8 30.
Rc1 Rc6 31. Rf2 Qxa2 32. Qd8+ Rf8 33. Qg5+ Kh8 34. Rxf5 Rg8 35. Qd2 Qxb2 36. h3 a5 37. Rd5 a4 38. Rd8 Qxc1+ 39. Qxc1 Rxd8 40. Qb2+ Kg8 41. Qa2+ Kg7 42. Qb2+ Kg6 0-1

[Event "*** Titled Tuesday Blitz"]
[Site "Chess.com"]
[Date "2019.01.01"]
[Round "3"]
[White "1e41-0"]
[Black "LastGladiator1"]
[Result "1-0"]
[WhiteElo "2547"]
[BlackElo "2627"]
[TimeControl "180+2"]
[EndTime "13:36:53 PST"]
[Termination "1e41-0 won by resignation"]

1. d4 Nf6 2. c4 c5 3. d5 e6 4. Nc3 exd5 5. cxd5 d6 6. e4 g6 7. Nge2 Bg7 8. Ng3 O-O 9. Be2 a6 10. a4 Re8 11. O-O Nbd7 12. f4 h5 13. Bf3 c4 14.
Be3 Ng4 15. Bxg4 hxg4 16. Bd4 Nc5 17. Bxc5 dxc5 18. e5 g5 19. Nh5 gxf4 20. e6 Bd4+ 21.
Kh1 Qg5 22. Rxf4 f5 23. Ne4 Qxh5 24. Qxd4 cxd4 25. Nf6+ Kg7 26. Nxh5+ Kg6 27. Rxf5 Kxf5 28. Ng7+ Kg6 29. Nxe8 Bxe6 30. Nc7 Rc8 31. Nxe6 d3 32.
d6 c3 33. bxc3 Rxc3 34. d7 d2 35. Rg1 Rc1 36. d8=Q Re1 37. Qxd2 Rxe6 38. Qd3+ Re4 39. Qxe4+ 1-0

[Event "*** Titled Tuesday Blitz"]
[Site "Chess.com"]
[Date "2019.01.01"]
[Round "3"]
[White "tgpgoat"]
[Black "MChoisy"]
[Result "1-0"]
[WhiteElo "1991"]
[BlackElo "1715"]
[TimeControl "180+2"]
[EndTime "13:36:53 PST"]
[Termination "tgpgoat won by resignation"]

1. d4 Nf6 2. Nf3 g6 3. c4 Bg7 4. Nc3 O-O 5. e4 d6 6. Be2 Na6 7. O-O e5 8. d5 Nc5 9. Qc2 a5 10. a3 Bd7 11. Be3 b6 12. b4 axb4 13. axb4 Rxa1 14.
Rxa1 Nb7 15. c5 bxc5 16. bxc5 Nxc5 17. Bxc5 dxc5 18. Nxe5 Re8 19. Nxd7 Qxd7 20. Bb5 Qe7 21. Bxe8 Qxe8 22. Rc1 h5 23. Na4 Nxe4 24. Re1 f5 25. f3 Bd4+ 26. Kh1 Nf2+ 27. Qxf2 Qxa4 28. Qe2 Kh7 29.
Qe7+ Kh6 30. Qf8+ Kg5 31. Qe7+ Kh6 32. f4 Qc2 33. Qg5+ Kh7 34. Qe7+ Kh6 35. h3 Qf2 36. Qg5+ Kh7 37. Re7+ Bg7 38. Rxc7 Qd4 39. Rd7 c4 40. Qe7 c3 41. Qe5 Qxe5 42. fxe5 c2 43. Rc7 Kg8 44. Rxc2 Bxe5 45. Kg1 Kf7 46. Rc6 g5 47. Kf2 h4 48.
Kf3 Ke7 49. Re6+ 1-0

[Event "*** Titled Tuesday Blitz"]
[Site "Chess.com"]
[Date "2019.01.01"]
[Round "3"]
[White "andrzej"]
[Black "pulvettd"]
[Result "0-1"]
[WhiteElo "2273"]
[BlackElo "2504"]
[TimeControl "180+2"]
[EndTime "13:36:54 PST"]
[Termination "pulvettd won on time"]

1. d4 Nf6 2. c4 e6 3. g3 c5 4. d5 exd5 5. cxd5 d6 6. Nf3 g6 7.
Bg2 Bg7 8. O-O O-O 9. Nc3 Nbd7 10. Re1 a6 11. Bf4 Qe7 12. a4 Ng4 13. Qc2 Nde5 14. h3 Nxf3+ 15. exf3 Ne5 16. Bxe5 dxe5 17. Rad1 Bf5 18.
Qb3 Qd6 19. g4 c4 20. Qxc4 Bc2 21. Rc1 Rac8 22. Qe2 Bb3 23. Qd2 f5 24. a5 Rc5 25.
Ra1 Rc4 26. Ra3 Rd4 27. Qe3 Bxd5 28. Nxd5 Rxd5 29. f4 e4 30. Rb3 Bd4 31. Qg3 fxg4 32. Bxe4 Rb5 33. Rxb5 axb5 34. Re2 Rxf4 35. Qb3+ Kg7 36.
Qxb5 Rxf2 37. Rxf2 Qg3+ 38. Kh1 Qxf2 39. Qxb7+ Kh6 0-1

[Event "*** Titled Tuesday Blitz"]
[Site "Chess.com"]
[Date "2019.01.01"]
[Round "3"]
[White "sunloong"]
[Black "j2806"]
[Result "1-0"]
[WhiteElo "1947"]
[BlackElo "1738"]
[TimeControl "180+2"]
[EndTime "13:36:54 PST"]
[Termination "sunloong won by resignation"]

1. e4 c5 2. Nf3 d6 3. d4 cxd4 4. Qxd4 Nc6 5. Qe3 Nf6 6. c4 e5 7. Nc3 Be6 8. h3 Be7 9. Be2 Rc8 10. O-O Nb4 11. Qxa7 Bxc4 12. Qa4+ Qd7 13. Qxb4 Bxe2 14. Nxe2 Qc6 15. Nc3 d5 16. Qb3 dxe4 17. Nxe5 Qe6 18. Qxe6 fxe6 19. Re1 Bd6 20. Ng4 Bb4 21. Nxf6+ gxf6 22. Rxe4 Bxc3 23. bxc3 Kf7 24. Bb2 Rhd8 25. Rae1 e5 26. f4 Rd2 27. R1e2 Rxe2 28. Rxe2 exf4 29. Re4 f3 30. gxf3 Ra8 31. a4 Rd8 32. Kf2 Rd2+ 33. Re2 Rd1 34. Ba3 Ra1 35. Bb4 Rxa4 36. Re7+ Kg6 37. Rxb7 Ra2+ 38. Kg3 h5 39. f4 Rd2 40.
Re7 Rd3+ 41. Kg2 Kf5 42. Rh7 Kxf4 43. Rxh5 f5 44. Rh4+ Ke3 45. Bc5+ Kd2 46. Bd4 Ke2 47.
Rf4 Rd2 48. Rf2+ Kd3 49. Rxd2+ Kxd2 1-0

[Event "*** Titled Tuesday Blitz"]
[Site "Chess.com"]
[Date "2019.01.01"]
[Round "3"]
[White "Korchmar_Vasiliy"]
[Black "talento10"]
[Result "1-0"]
[WhiteElo "2789"]
[BlackElo "2545"]
[TimeControl "180+2"]
[EndTime "13:37:01 PST"]
[Termination "Korchmar_Vasiliy won by resignation"]

1. d4 Nf6 2. c4 g6 3. Nc3 Bg7 4. e4 d6 5. h3 O-O 6. Nf3 e5 7.
d5 a5 8. g4 Na6 9. Be3 Nc5 10. Nd2 b6 11. Be2 Bb7 12. g5 Nfd7 13. h4 f5 14. h5 f4 15. Bxc5 Nxc5 16. h6 Bh8 17. Rg1 c6 18. Na4 Rf7 19. Nxc5 bxc5 20. Bg4 Qxg5 21. Nf3 Qe7 22. Be6 Bf6 23. Qa4 cxd5 24.
cxd5 Qd8 25. O-O-O Rb8 26. Rd3 Bc8 27. Bxf7+ Kxf7 28. Ra3 Rb4 29. Qxa5 Qxa5 30. Rxa5 Rb7 31. Ra8 Rc7 32.
Ng5+ Bxg5 33. Rxg5 Kf6 34. Rg1 g5 35. f3 Kg6 36. a4 Kxh6 37. a5 Kg6 38. a6 Bh3 39. a7 Rg7 40. Kd2 h5 41. Ra1 g4 42.
fxg4 hxg4 43. Rh8 Rxa7 44. Rxa7 f3 45. Ke3 1-0

[Event "*** Titled Tuesday Blitz"]
[Site "Chess.com"]
[Date "2019.01.01"]
[Round "3"]
[White "josmito10"]
[Black "GadimbayliA"]
[Result "0-1"]
[WhiteElo "2773"]
[BlackElo "2776"]
[TimeControl "180+2"]
[EndTime "13:37:03 PST"]
[Termination "GadimbayliA won by resignation"]

1. d4 Nf6 2. c4 e5 3. dxe5 Ng4 4. Nc3 Nc6 5. e3 Ngxe5 6. Nf3 g6 7. Be2 Bg7 8. O-O O-O 9. Qc2 a5 10. Rd1 d6 11. Nxe5 Nxe5 12. b3 Bf5 13. e4 Be6 14. Bb2 Qh4 15. Nd5 Bxd5 16. cxd5 Rac8 17. Rac1 f5 18.
exf5 Rxf5 19. Bd3 Rh5 20. h3 Rg5 21. Kf1 Rf8 22. Bxe5 Bxe5 23. Be4 Bg3 24. f3 Re5 25. Rd4 Qe7 26. Rcd1 Rf7 27. a4 Kf8 28. Kg1 Rf4 29.
Rc4 Rf7 30. Rc1 c6 31. dxc6 bxc6 32. Rxc6 d5 33. Rc8+ Kg7 34. Rc7 Qxc7 35. Qxc7 Rxc7 36. Rxc7+ Kh6 37. Rc5 dxe4 38. Rxe5 Bxe5 39. fxe4 Kg5 0-1

[Event "*** Titled Tuesday Blitz"]
[Site "Chess.com"]
[Date "2019.01.01"]
[Round "3"]
[White "DrMelekess"]
[Black "TastyFrenchFries"]
[Result "0-1"]
[WhiteElo "2582"]
[BlackElo "2427"]
[TimeControl "180+2"]
[EndTime "13:37:03 PST"]
[Termination "TastyFrenchFries won by resignation"]

1. d4 b5 2. e4 Bb7 3. Bxb5 Bxe4 4. Nf3 Nf6 5. O-O e6 6. Re1 Be7 7. c4 O-O 8. Nc3 Bb7 9. Bf4 d6 10.
Ba4 Nbd7 11. h3 Nb6 12. Bb3 a5 13. a3 h6 14. Rc1 a4 15. Nxa4 Bxf3 16. gxf3 Nxa4 17.
Bxa4 Nh5 18. Be3 Bg5 19. Bc6 Rb8 20. Qd2 Qf6 21. b4 Nf4 22. h4 e5 23. b5 Qg6 24.
Kf1 Qf5 25. Bxf4 Bxf4 26. Qc2 Qh3+ 27. Ke2 Bxc1 28. Rxc1 Qxh4 29. d5 f5 30. a4 e4 31.
Qc3 Rf7 32. a5 Re7 33. Rf1 exf3+ 34. Kd1 Qe4 35. Kc1 Qe2 36. Rd1 Qxf2 37. a6 Qc5 38. Rf1 Re3 39. Qc2 Qa3+ 40. Kd2 Re2+ 0-1

[Event "*** Titled Tuesday Blitz"]
[Site "Chess.com"]
[Date "2019.01.01"]
[Round "3"]
[White "Slovak_fighter2000"]
[Black "dmosesov"]
[Result "0-1"]
[WhiteElo "2437"]
[BlackElo "2333"]
[TimeControl "180+2"]
[EndTime "13:37:03 PST"]
[Termination "dmosesov won by resignation"]

1. d4 Nf6 2. c4 e6 3. Nf3 d5 4. Nc3 c6 5. e3 Nbd7 6. Qc2 Bd6 7.
g4 h6 8. Rg1 a6 9. Bd2 e5 10.
dxe5 Nxe5 11. Nxe5 Bxe5 12. f4 Bc7 13. O-O-O Bxg4 14. Rxg4 Nxg4 15. cxd5 O-O 16. Bc4 cxd5 17. Nxd5 Rc8 18.
Bc3 Qh4 19. Rg1 Bxf4 20. Bb3 Be5 21. Qf5 Bxc3 22. bxc3 h5 23. Qd7 Kh8 24. Qxb7 Qxh2 25. Rd1 Qf2 26. Rd2 Qf1+ 27. Kb2 Nf2 28. Ne7 Qe1 29.
Rd5 Qxc3+ 30. Ka3 Rc5 31. Rxc5 Qxc5+ 32. Qb4 Nd3 33. Qxc5 Nxc5 34. Nf5 Nxb3 0-1

[Event "*** Titled Tuesday Blitz"]
[Site "Chess.com"]
[Date "2019.01.01"]
[Round "3"]
[White "ASVZ"]
[Black "Kurai"]
[Result "0-1"]
[WhiteElo "2263"]
[BlackElo "2519"]
[TimeControl "180+2"]
[EndTime "13:37:04 PST"]
[Termination "Kurai won by checkmate"]

1. e4 e5 2. Nf3 Nc6 3. Nc3 Nf6 4.
Bb5 Bb4 5. O-O O-O 6. d3 Bxc3 7. bxc3 d6 8. Bg5 Ne7 9. Nh4 Ne8 10. d4 f6 11. Bc4+ Kh8 12. Be3 g5 13. Nf3 h6 14.
Nd2 Ng7 15. Rb1 b6 16. g3 Bh3 17. Re1 Ng6 18. Bf1 Qd7 19. Kh1 Rf7 20. Nc4 Raf8 21. Qe2 Bxf1 22. Qxf1 f5 23. exf5 Nxf5 24. Qh3 Qc6+ 25.
Kg1 Qxc4 26. Bxg5 Kg7 27. Bd2 Qd5 28. Rbd1 Qf3 29. Bc1 e4 30. c4 c5 31. d5 h5 32.
Bb2+ Ne5 33. Rf1 Kg6 34. Rde1 Ng4 35. Qg2 Qxg2+ 36. Kxg2 Nfe3+ 37. fxe3 Rxf1 38. Rxf1 Nxe3+ 39. Kh3 Rxf1 40. Kh4 Rf2 41. Kh3 Ng4 42. Kh4 Rxh2# 0-1

[Event "*** Titled Tuesday Blitz"]
[Site "Chess.com"]
[Date "2019.01.01"]
[Round "3"]
[White "VerdeNotte"]
[Black "Tjktiger"]
[Result "1-0"]
[WhiteElo "2858"]
[BlackElo "2726"]
[TimeControl "180+2"]
[EndTime "13:37:05 PST"]
[Termination "VerdeNotte won by resignation"]

1. e4 d5 2. exd5 Qxd5 3. Nc3 Qd6 4. d4 Nf6 5. Nf3 g6 6. Nb5 Qd8 7. c4 a6 8. Nc3 Bg7 9. Be2 O-O 10. O-O e6 11. Bf4 Nc6 12. Rc1 Re8 13. Re1 Nxd4 14.
Qxd4 Qxd4 15. Nxd4 e5 16. Be3 exd4 17. Bxd4 Be6 18.
b3 Rad8 19. Rcd1 Nh5 20. Bxg7 Kxg7 21. Bf3 c6 22. Bxh5 gxh5 23. f3 b5 24. c5 a5 25.
Kf2 a4 26. b4 a3 27. Rd6 Rxd6 28. cxd6 Rd8 29. Rd1 f5 30. Nb1 Ra8 31. d7 Rd8 32. Nxa3 Bxa2 33. Rd6 Kf7 34. Rxc6 Rxd7 35. Nxb5 f4 36. Rc7 Ke6 37. Rxd7 Kxd7 38. Nc3 Be6 39. Ne2 Kc6 40. Nxf4 Bf7 41. Ke3 Kb5 42. Nd3 h4 43. Kf4 Bc4 44. Ke4 Bb3 45. f4 Bc2 46. Kd4 h3 47. g4 Bd1 48. Ne5 Kxb4 49. f5 Kb5 50.
f6 Bb3 51. f7 Bxf7 52. Nxf7 Kc6 53. Ng5 h5 54. gxh5 Kd7 55. h6 1-0

[Event "*** Titled Tuesday Blitz"]
[Site "Chess.com"]
[Date "2019.01.01"]
[Round "3"]
[White "Abdodi"]
[Black "Quiet_Desperation"]
[Result "0-1"]
[WhiteElo "2190"]
[BlackElo "2381"]
[TimeControl "180+2"]
[EndTime "13:37:05 PST"]
[Termination "Quiet_Desperation won by checkmate"]

1. e4 Nc6 2. Nf3 d6 3. d3 Nf6 4.
g3 e5 5. Bg2 Bg4 6. O-O Qd7 7.
Nbd2 Bh3 8. c3 h5 9. Ng5 Bxg2 10. Kxg2 h4 11. Rh1 O-O-O 12. Ndf3 h3+ 13. Kf1 Ng4 14. Ng1 f6 15. Nf7 Nxh2+ 16. Rxh2 Qxf7 17. Qg4+ Kb8 18. Rxh3 Rxh3 19. Nxh3 d5 20. Be3 dxe4 21. dxe4 Na5 22. Rd1 Bd6 23. Kg2 g5 24. Qf5 Nc4 25. Bxg5 Qh5 26.
Bxf6 Qxd1 27. Bxd8 Qe2 28. Qh7 Ne3+ 29. Kh2 Ng4+ 30.
Kg2 a6 31. Qg8 Ka7 32. Qg7 Qxe4+ 33. Kg1 Bc5 34. Qf7 Qd3 35. Bxc7 Qxg3+ 36. Kf1 Qxh3+ 37. Ke1 Qh1+ 38. Ke2 Qe4+ 39. Kf1 Qd3+ 40. Kg2 Qe4+ 41.
Kf1 Nxf2 42. Qe8 Qd3+ 43. Kg2 Qd5+ 44. Kf1 Qh1+ 45. Ke2 Qd1# 0-1

[Event "*** Titled Tuesday Blitz"]
[Site "Chess.com"]
[Date "2019.01.01"]
[Round "3"]
[White "mouseWLZ"]
[Black "salomez"]
[Result "1-0"]
[WhiteElo "2321"]
[BlackElo "2134"]
[TimeControl "180+2"]
[EndTime "13:37:08 PST"]
[Termination "mouseWLZ won on time"]

1. e4 c5 2. Nf3 e6 3. d4 cxd4 4.
Nxd4 Nf6 5. Nc3 Nc6 6. Ndb5 d6 7. Bf4 e5 8. Bg5 a6 9. Na3 b5 10. Nd5 Be7 11. Bxf6 Bxf6 12. c4 Bb7 13. Be2 Nd4 14.
O-O Bxd5 15. exd5 bxc4 16. Nxc4 O-O 17. b4 Bg5 18. a4 f5 19. Rb1 Nxe2+ 20. Qxe2 e4 21. b5 axb5 22. axb5 Qe7 23. b6 f4 24. Rfe1 Rae8 25. b7 Qc7 26. b8=Q Rxb8 27. Rxb8 Rxb8 28. Qxe4 h6 29. Qe6+ Kh8 30. Nxd6 Rf8 31. Ne4 f3 32. g3 Qc4 33. h4 Bd8 34. Nd6 Qc3 35. Rf1 Ba5 36.
Nf7+ Kh7 37. d6 Qd3 38. Ne5 1-0

[Event "*** Titled Tuesday Blitz"]
[Site "Chess.com"]
[Date "2019.01.01"]
[Round "3"]
[White "IamSchrodingersCat"]
[Black "Kira170"]
[Result "1-0"]
[WhiteElo "2484"]
[BlackElo "2627"]
[TimeControl "180+2"]
[EndTime "13:37:09 PST"]
[Termination "IamSchrodingersCat won by resignation"]

1. e4 e6 2. d4 d5 3. Nc3 Nf6 4. Bg5 Bb4 5. e5 h6 6. Bd2 Bxc3 7. bxc3 Ne4 8. Qg4 Kf8 9. Bd3 Nxd2 10. Kxd2 c5 11.
h4 c4 12. Bf1 Nc6 13. Rh3 b5 14. Rg3 Rg8 15. a3 a5 16. Nh3 Rb8 17. Nf4 Ne7 18. Rf3 Nf5 19. Qh3 b4 20. axb4 axb4 21. cxb4 Nxd4 22.
Rfa3 Qc7 23. Qe3 Nf5 24. Qc5+ Qxc5 25. bxc5 g6 26. Ra8 Rxa8 27. Rxa8 Kg7 28. g3 Bd7 29.
Ra7 Bb5 30. Nxe6+ Kh8 31. Nf4 Re8 32. Rxf7 c3+ 33. Kxc3 Bxf1 34. Nxg6+ Kg8 35. Rxf5 Ra8 36.
Kd4 Ra2 37. Kxd5 Rxc2 38. Kd6 Kh7 39. h5 Kg7 40. Rf6 Be2 41. c6 Bxh5 42. Ne7 Bf3 43. c7 Bb7 44. Kd7 Rd2+ 45. Rd6 Rxf2 46. c8=Q Bxc8+ 47. Kxc8 Rf3 48. Kd7 h5 49. e6 Kf6 50. Nd5+ 1-0

[Event "*** Titled Tuesday Blitz"]
[Site "Chess.com"]
[Date "2019.01.01"]
[Round "3"]
[White "VNeimer"]
[Black "joppie2"]
[Result "0-1"]
[WhiteElo "2388"]
[BlackElo "2739"]
[TimeControl "180+2"]
[EndTime "13:37:13 PST"]
[Termination "joppie2 won by resignation"]

1. Nf3 g6 2. h4 Bg7 3. h5 e5 4.
d4 exd4 5. h6 Bf6 6. Nxd4 Nc6 7.
Nxc6 dxc6 8. Qxd8+ Bxd8 9. Nc3 Be6 10. Bf4 Ne7 11. e4 f6 12. f3 g5 13. Be3 Ng6 14. O-O-O Be7 15. g3 Bd6 16. Rxd6 cxd6 17. f4 gxf4 18. gxf4 f5 19. Bh3 O-O 20. Rg1 Rae8 21. Rg5 c5 22. Bd2 fxe4 23. f5 Bc8 24. Nd5 Re5 25. fxg6 Rxd5 26. Rxd5 Bxh3 27. Rxd6 Rf1+ 28. Be1 hxg6 29. Kd2 Bf5 30. Ke2 Rh1 31. Bd2 Rh3 32. Rd5 Be6 33. Re5 Bg4+ 34. Kf1 Rh1+ 35. Kg2 Bf3+ 36. Kg3 Rg1+ 37. Kf4 Rg2 38. Bc3 Kh7 39. Rxc5 Kxh6 40. Rc7 g5+ 41. Kf5 e3 42. Bg7+ Kh5 43. Bd4 Bg4+ 44. Ke4 e2 45. Bc3 Rg1 46. Rxb7 e1=Q+ 47. Bxe1 Rxe1+ 48. Kd3 Bf3 49. Rxa7 g4 50. Rh7+ Kg5 51.
Rg7+ Kf4 52. a4 g3 53. a5 g2 54. a6 Bg4 55. a7 Ra1 0-1

[Event "*** Titled Tuesday Blitz"]
[Site "Chess.com"]
[Date "2019.01.01"]
[Round "3"]
[White "Vamostodorecto"]
[Black "volcanoexplorer"]
[Result "1-0"]
[WhiteElo "2387"]
[BlackElo "2345"]
[TimeControl "180+2"]
[EndTime "13:37:13 PST"]
[Termination "Vamostodorecto won by checkmate"]

1. d4 Nf6 2. c4 e6 3. Nc3 Bb4 4. e3 O-O 5. Bd3 c5 6. Nf3 d5 7. O-O cxd4 8. exd4 dxc4 9. Bxc4 b6 10. Bg5 Bb7 11.
a3 Be7 12. Qe2 Nbd7 13. Ne5 Nxe5 14. dxe5 Nd7 15. Bxe7 Qxe7 16. b4 Rac8 17. Nb5 Nxe5 18. Qxe5 Rxc4 19. Nd6 Rc2 20. Rad1 Ba8 21. Rd3 f6 22.
Qe3 e5 23. Nf5 Qe6 24. Qh3 Kh8 25. Rd6 Qf7 26. Qd3 Rc7 27. Rd1 Qg6 28. f3 h6 29. Rd8 Rc8 30. Rxf8+ Rxf8 31. Qd7 Bxf3 32. Nh4 Qg5 33. Nxf3 Qe3+ 34. Kh1 e4 35. Qd6 Re8 36. Nh4 Qg5 37. Qd7 Rf8 38. Nf5 e3 39. Re1 Qf4 40.
Qxg7# 1-0

[Event "*** Titled Tuesday Blitz"]
[Site "Chess.com"]
[Date "2019.01.01"]
[Round "3"]
[White "maziarbagheri"]
[Black "vpsetter"]
[Result "0-1"]
[WhiteElo "2356"]
[BlackElo "2572"]
[TimeControl "180+2"]
[EndTime "13:37:14 PST"]
[Termination "vpsetter won by resignation"]

1. d4 Nf6 2. c4 e6 3. g3 d5 4. Bg2 Be7 5. Nf3 O-O 6. O-O Nbd7 7. Nfd2 c6 8. Nc3 b6 9. e4 Bb7 10. Re1 Rc8 11. e5 Ne8 12. cxd5 cxd5 13. h4 a6 14. Nb3 b5 15. Be3 Nb6 16. Rc1 Nc4 17. Qe2 Qd7 18. Bg5 Bb4 19. Red1 h6 20. Bf4 a5 21. a3 Nxa3 22. bxa3 Bxc3 23. Nc5 Rxc5 24. dxc5 b4 25. axb4 axb4 26. Qg4 Kh8 27. Qh5 Qe7 28. Bf1 f5 29. exf6 Nxf6 30. Qg6 e5 31. Bd3 exf4 32.
g4 Qf7 33. g5 Qxg6 34. Bxg6 Ne4 35. Bxe4 dxe4 36. Rd7 Ba6 37. c6 e3 38. c7 e2 39.
Rd8 Kg8 40. g6 e1=Q+ 41. Rxe1 Bxe1 42. Kg2 Bb7+ 43. Kh3 Bc8+ 44. Kg2 Bc3 45. Kf3 Bf6 46. Rd4 Bxd4 0-1

[Event "*** Titled Tuesday Blitz"]
[Site "Chess.com"]
[Date "2019.01.01"]
[Round "3"]
[White "johnathan113"]
[Black "kuli4ik"]
[Result "1-0"]
[WhiteElo "2576"]
[BlackElo "2802"]
[TimeControl "180+2"]
[EndTime "13:37:16 PST"]
[Termination "johnathan113 won by checkmate"]

1. e4 e6 2. d4 d5 3. Nc3 Be7 4. Qg4 Nf6 5. Qxg7 Rg8 6. Qh6 dxe4 7. Be3 Nc6 8. O-O-O Rg6 9. Qf4 Rg4 10. Qh6 Nb4 11. Bc4 Rxg2 12. Nge2 a6 13. Nf4 Rg4 14.
Rhg1 b5 15. Bb3 Rg6 16. Nxg6 hxg6 17. d5 Nbxd5 18. Nxd5 exd5 19. Bxd5 Nxd5 20. Qh8+ Kd7 21. Rxd5+ Bd6 22. Qxd8+ Kxd8 23. Bc5 Bb7 24. Rd4 Ke7 25. Bxd6+ cxd6 26. Rgd1 d5 27. f3 Bc6 28. fxe4 dxe4 29. c4 Rc8 30. b3 Ke6 31. Kb2 Ke5 32. c5 f5 33. Kc3 e3 34. Rd6 g5 35. Rg6 g4 36. Rdd6 Be4 37. c6 f4 38. Rge6+ Kf5 39. Kd4 Bf3 40. Re5# 1-0

[Event "*** Titled Tuesday Blitz"]
[Site "Chess.com"]
[Date "2019.01.01"]
[Round "3"]
[White "GMMelik"]
[Black "idvidal"]
[Result "1-0"]
[WhiteElo "2511"]
[BlackElo "2483"]
[TimeControl "180+2"]
[EndTime "13:37:17 PST"]
[Termination "GMMelik won by resignation"]

1. d4 Nf6 2. Bf4 d5 3. e3 Bf5 4.
Bd3 Bg6 5. Nf3 e6 6. Ne5 Nbd7 7.
Nxg6 hxg6 8. h3 Bd6 9. Bxd6 cxd6 10. Nd2 Qb6 11. b3 Rc8 12. c4 O-O 13. O-O e5 14. cxd5 exd4 15. Nc4 Qc5 16. exd4 Qxd4 17. Nxd6 Rc3 18.
Bc4 Qxd1 19. Raxd1 a6 20. Nxb7 Ne5 21. Bxa6 Ra8 22. Rfe1 Nf3+ 23. gxf3 Rxa6 24. d6 Rxa2 25. d7 Nxd7 26. Rxd7 Rxf3 27. Rf1 Rxb3 28. Nd8 Rf3 29.
Kg2 Rf5 30. Rd3 Ra8 31. Nc6 Kh7 32. Nd4 Rg5+ 33. Rg3 Rd5 34. Nf3 f6 35. h4 Ra4 36.
Re1 Rf5 37. Re2 Rff4 38. Rd2 Rfe4 39. Kh3 Ra3 40. Ng5+ fxg5 41. Rxa3 Rxh4+ 42. Kg2 Rg4+ 43. Rg3 1-0